 Dungeon Crawl Stone Soup version 0.28-a0-1174-g766a6a42ef (webtiles) character file.

Game seed: 16723284869654313746

3761 septik the Severer (level 9, -6/106 HPs)
             Began as a Minotaur Berserker on Dec 16, 2021.
             Was an Elder of Trog.
             Mangled by an orc warrior (12 damage)
             ... in a bailey.
             The game lasted 00:16:19 (6639 turns).

septik the Severer (Minotaur Berserker)             Turns: 6639, Time: 00:16:19

Health: -6/106     AC: 24    Str: 32    XL:     9   Next: 94%
Magic:  8/8        EV:  2    Int:  4    God:    Trog [****..]
Gold:   352        SH:  0    Dex: 10    Spells: 8/8 levels left

rFire   . . .      SeeInvis .   C - +0 war axe
rCold   . . .      Faith    .   (no shield)
rNeg    . . .      Spirit   .   (armour currently unavailable)
rPois   +          Reflect  .   (helmet currently unavailable)
rElec   .          Harm     .   (cloak currently unavailable)
rCorr   .          Rampage  .   (gloves currently unavailable)
Will    .....      NoTele   +   (boots currently unavailable)
Stlth   +.........              (no amulet)
HPRegen 0.27/turn               f - +6 ring of strength
MPRegen 0.11/turn               w - +4 ring of evasion

@: tree-form, on berserk cooldown, attractive
A: stationary, stasis, torment immunity, boosted hp, (horns 2), (retaliatory
headbutt)
a: Renounce Religion, Berserk, Trog's Hand, Brothers in Arms


You were in a bailey.
You worshipped Trog.
Trog was greatly pleased with you.
You were a tree.
You visited 1 branch of the dungeon, and saw 8 of its levels.
You also visited: Bailey.

You collected 352 gold pieces.

Inventory:

Hand Weapons
 a - a +2 vorpal hand axe
 C - a +0 war axe (weapon)
Missiles
 d - 50 poisoned darts (quivered)
 j - 154 stones
 F - 6 boomerangs
Armour
 g - a +2 cloak of willpower (melded)
 k - a +2 ring mail of positive energy
 p - a +0 chain mail
 z - a +1 plate armour (melded)
 B - a +0 scale mail
Jewellery
 f - a +6 ring of strength (left branch)
 n - a +6 ring of dexterity
 q - an amulet of magic regeneration
 w - a +4 ring of evasion (right branch)
Wands
 h - a wand of flame (26)
 u - a wand of iceblast (11)
Scrolls
 c - a scroll of acquirement {unknown}
 e - 4 scrolls of identify
 r - a scroll of blinking {unknown}
 s - a scroll of teleportation
 y - a scroll of brand weapon {unknown}
 D - a scroll of fear {unknown}
 G - a scroll of holy word {unknown}
Potions
 b - 2 potions of berserk rage
 i - a potion of lignification
 l - 4 potions of flight
 m - a potion of attraction
 o - 2 potions of degeneration {unknown}
 t - 2 potions of ambrosia {unknown}
 v - a potion of might {unknown}
 x - 2 potions of cancellation {unknown}
 A - a potion of brilliance {unknown}
 E - 2 potions of curing {unknown}


   Skills:
 - Level 4.0 Fighting
 + Level 16.7 Axes
 - Level 2.8 Armour
 - Level 2.5 Dodging


You had 8 spell levels left.
You didn't know any spells.
Your spell library was empty.

Dungeon Overview and Level Annotations

Branches:
Dungeon (8/15)             Temple (0/1) D:6            Lair (0/6) D:8
 Bailey (1/1)

Altars:
Cheibriados
Elyvilon
Fedhas
Hepliaklqana
Ru
Sif Muna

Annotations:
D:8 Joseph


Innate Abilities, Weirdness & Mutations

You are a tree.
Your roots penetrate the ground, keeping you stationary.
You cannot be teleported.
You are immune to unholy pain and torment.
Your maximum health is greatly increased.
Your equipment is partially melded.
((You have a pair of horns on your head.))
((You reflexively headbutt those who attack you in melee.))


Message History

* * * LOW HITPOINT WARNING * * *
The hobgoblin hits you but does no damage.
The orc warrior hits you with a +0 war axe.
* * * LOW HITPOINT WARNING * * *
Unknown command.
Really quaff the potion of lignification?
You are stuck in your current form!
You closely miss the orc warrior.
The orc warrior is lightly wounded.
You closely miss the hobgoblin.
The hobgoblin hits you but does no damage.
The orc warrior hits you with a +0 war axe.
* * * LOW HITPOINT WARNING * * *
The hobgoblin hits you but does no damage.
You completely miss the orc warrior.
The orc warrior is lightly wounded.
You barely miss the hobgoblin.
The orc warrior hits you but does no damage.
The hobgoblin completely misses you.
You slash the orc warrior!
The orc warrior is heavily wounded.
You slash the hobgoblin!
You kill the hobgoblin!
Trog accepts your kill.
You feel yourself speed up.
The orc warrior hits you but does no damage.
You barely miss the orc warrior.
The orc warrior is heavily wounded.
The orc warrior hits you but does no damage.
You hit the orc warrior but do no damage.
The orc warrior is heavily wounded.
The orc warrior hits you with a +0 war axe.
* * * LOW HITPOINT WARNING * * *
You barely miss the orc warrior.
The orc warrior is heavily wounded.
Unknown command.
You closely miss the orc warrior.
The orc warrior is heavily wounded.
The orc warrior hits you with a +0 war axe!
You die...

#############
####............
##.......)o..# ##.......)♣#
#.....⌠(...# ##.......###
#########)....# .##
#≈≈≈≈≈≈#))....###...^
≈≈≈≈≈≈≈≈≈......#KK# ##'###
≈###≈≈≈≈≈≈≈≈≈..####..oo...#
##≈
###....≈≈≈≈≈≈≈K#goKo...#K≈≈≈
##......≈≈≈≈≈#########≈≈≈


You could see an orc warrior.

Vanquished Creatures
  2 orc knights (Bailey)
  Sigmund (D:3)
  A steam dragon (D:7)
  A water moccasin (D:7)
  Duvessa (D:7)
  An ice beast (D:7)
  A necrophage (D:5)
  4 orc warriors
  2 black bears (D:4)
  2 ogres
  2 centaurs (D:6)
  3 scorpions
  A wyvern skeleton (D:6)
  Dowan (D:7)
  3 howler monkeys
  2 centaur zombies
  A bullfrog zombie (D:6)
  A hound (D:5)
  Crazy Yiuf (D:2)
  2 centaur skeletons
  A jelly (D:7)
  2 bullfrog skeletons (D:6)
  3 orc priests
  A gnoll shaman (D:7)
  4 iguanas
  Jessica (D:3)
  Terence (D:3)
  4 orc wizards
  A hound skeleton (D:4)
  4 gnolls (D:7)
  A howler monkey skeleton (D:6)
  11 adders
  A worm (D:5)
  A dart slug (D:4)
  18 orcs
  2 bats
  6 endoplasms
  2 giant cockroaches
  16 goblins
  6 hobgoblins
  12 jackals
  4 quokkas
  6 ball pythons
  3 frilled lizards
  15 kobolds
  22 rats
181 creatures vanquished.

Vanquished Creatures (others)
  2 fungi (D:2)
  3 plants (D:4)
5 creatures vanquished.

Grand Total: 186 creatures vanquished

Notes
Turn   | Place    | Note
-------+----------+-------------------------------------------
     0 | D:1      | septik the Minotaur Berserker began the quest for the Orb.
     0 | D:1      | Reached XP level 1. HP: 19/19 MP: 0/0
   147 | D:1      | Reached XP level 2. HP: 18/27 MP: 1/1
   370 | D:1      | Reached skill level 4 in Axes
   513 | D:1      | Reached ** piety under Trog
   587 | D:1      | Found a faded altar of an unknown god.
   686 | D:1      | Reached XP level 3. HP: 32/33 MP: 2/2
  1074 | D:2      | Reached skill level 5 in Axes
  1350 | D:2      | Reached XP level 4. HP: 40/40 MP: 3/3
  1464 | D:2      | Found a runed translucent door.
  1465 | D:2      | Noticed Crazy Yiuf
  1472 | D:2      | Killed Crazy Yiuf
  1644 | D:3      | Reached skill level 6 in Axes
  1699 | D:3      | Noticed Jessica
  1707 | D:3      | Killed Jessica
  1708 | D:3      | Reached XP level 5. HP: 46/46 MP: 4/4
  1877 | D:3      | Noticed Sigmund
  1887 | D:3      | Killed Sigmund
  1888 | D:3      | Reached skill level 7 in Axes
  1888 | D:3      | Reached XP level 6. HP: 52/52 MP: 5/5
  1954 | D:3      | Reached skill level 8 in Axes
  1985 | D:3      | Noticed Terence
  1990 | D:3      | Killed Terence
  2114 | D:3      | Reached *** piety under Trog
  2227 | D:3      | Found a snail-covered altar of Cheibriados.
  2533 | D:3      | Found a blossoming altar of Fedhas.
  2660 | D:4      | Reached skill level 9 in Axes
  2660 | D:4      | Reached XP level 7. HP: 56/59 MP: 6/6
  2749 | D:4      | Found a white marble altar of Elyvilon.
  2938 | D:4      | Found a hazy altar of Hepliaklqana.
  3213 | D:5      | Entered Level 5 of the Dungeon
  3288 | D:5      | Reached skill level 10 in Axes
  3646 | D:5      | Reached skill level 11 in Axes
  3703 | D:5      | Reached XP level 8. HP: 66/66 MP: 7/7
  4027 | D:5      | Reached **** piety under Trog
  4213 | D:5      | Found a sacrificial altar of Ru.
  4259 | D:5      | Found a shimmering blue altar of Sif Muna.
  4418 | D:6      | Found a staircase to the Ecumenical Temple.
  4456 | D:6      | Reached skill level 12 in Axes
  4527 | D:6      | Reached skill level 13 in Axes
  5426 | D:7      | Reached skill level 14 in Axes
  5426 | D:7      | Reached XP level 9. HP: 27/71 MP: 8/8
  5762 | D:7      | Noticed Duvessa
  5762 | D:7      | Noticed Dowan
  5768 | D:7      | Killed Duvessa
  5771 | D:7      | Killed Dowan
  6196 | D:7      | Reached skill level 15 in Axes
  6358 | D:8      | Found a flagged portal.
  6369 | D:8      | Noticed Joseph
  6374 | Bailey   | Entered a bailey
  6380 | Bailey   | Noticed an orc knight
  6396 | Bailey   | Noticed an orc knight
  6456 | Bailey   | Killed an orc knight
  6460 | Bailey   | Reached skill level 16 in Axes
  6606 | Bailey   | Killed an orc knight
  6639 | Bailey   | Mangled by an orc warrior

Illustrated notes

Levels and vault maps discovered:
D:1:      erik_arrival_blinker_ship, layout_rooms,
          chequers_ecumenical_altar_simple, kennysheep_pointless_box
D:2:      layout_rooms, uniq_crazy_yiuf_cottage
D:3:      layout_loops_ring, amcnicky_altar_gilded, marbit_many_paths,
          grunt_ministairs_1, minmay_rat_hole, uniq_jessica, uniq_sigmund,
          uniq_terence
D:4:      layout_cave_pools, nicolae_elyvilon_temple_path, old_standard_altar,
          grunt_ministairs_1
D:5:      layout_basic, nicolae_sif_muna_little_library, kennysheep_mini_moat
D:6:      layout_basic, minmay_temple_entry_purple_smoke
D:7:      layout_basic, uniq_duvessa
D:8:      layout_loops_ring, erik_lair_dragon, enter_bailey_3,
          kennysheep_generic_room_16, uniq_joseph
Bailey:   bailey_axe_4, bailey

Skill      XL: |  1  2  3  4  5  6  7  8  9 |
---------------+----------------------------+-----
Fighting       | 4 |  4.0
Axes           | 4 5 6 7 9 11 14 16 | 16.7
Armour         | |  2.8
Dodging        | |  2.5

Action                   |  1- 3 |  4- 6 |  7- 9 || total
-------------------------+-------+-------+-------++-------
Melee: Hand axe          |    76 |    89 |   199 ||   364
       Headbutt          |     7 |    21 |    57 ||    85
       War axe           |       |       |    31 ||    31
Invok: Berserk           |       |     5 |     6 ||    11
       Trog's Hand       |       |     2 |     1 ||     3
  Use: Scroll            |       |       |     4 ||     4
       Potion            |       |       |     3 ||     3
Armor: Animal skin       |    11 |     3 |       ||    14
       Ring mail         |       |    14 |    35 ||    49
       Plate armour      |       |       |    56 ||    56
       Skin              |       |       |     6 ||     6
Dodge: Dodged            |    52 |    48 |   150 ||   250

Table legend: (Time is in decaauts)
 A = Elapsed time spent in this place.
 B = Non-inter-level travel time spent in this place.
 C = Inter-level travel time spent in this place.
 D = Time resting spent in this place.
 E = Time spent auto-exploring this place.
 F = Levels seen in this place.
 G = Mean time per level.
                   A        B        C        D        E       F      G
               +--------+--------+--------+--------+--------+-----+--------+
         Total |   6677 |   6508 |    169 |    791 |   4437 |   9 |  741.9 |
       Dungeon |   6413 |   6244 |    169 |    658 |   4432 |   8 |  801.6 |
        Bailey |    264 |    264 |      0 |    133 |      5 |   1 |  264.0 |
               +--------+--------+--------+--------+--------+-----+--------+

Top non-repeatable levels by time:
     D:6: 1268 daAuts
     D:5: 1129 daAuts
     D:3: 1056 daAuts
     D:1: 839 daAuts
     D:2: 800 daAuts
     D:7: 695 daAuts
     D:4: 568 daAuts
  Bailey: 264 daAuts
     D:8: 54 daAuts
